cohdb
Replays
Latest Replays
All Replays
Popular Replays
Top Player Replays
Match Explorer
How It Works
Community
CoH3 Stats
Reddit
Sign in to upload your games and track your stats! →
Sign in with Steam
Match 44735196
Unlisted
Match 44735196
Overview
Messages
Build Orders
End
Construct Barracks
Engineer Squad
1⁄4-ton 4x4 Truck
Riflemen Squad
Riflemen Squad
Riflemen Squad
Infantry Support Center
Selects Advanced Infantry Battlegroup
Selects Convert to Ranger Squad
Selects Designate Assault Position
Construct Medical Station
Convert to Ranger Squad
Munitions Surplus
Construct Motor Pool
[◇] 7ilted
Tom
[★] Windy
Fupped
cowald
Bonemorrow98
0
0
Comments
sign in to comment!
No comments posted yet!